 Dungeon Crawl Stone Soup version 0.30.1-5-ged363bc7ee (webtiles) character file.

Game seed: 15276630155930750159

11 growler the Gusty (level 2, -1/15 HPs)
             Began as a Tengu Air Elementalist on Sept 19, 2023.
             Slain by a gnoll
             ... wielding a +0 flail
              (2 damage)
             ... on level 1 of the Dungeon.
             The game lasted 00:01:38 (505 turns).

growler the Gusty (Tengu Air Elementalist)           Turns: 505, Time: 00:01:39

Health: -1/15      AC:  2    Str:  8    XL:     2   Next: 29%
Magic:  2/6        EV: 12    Int: 15    God:
Gold:   64         SH:  0    Dex: 14    Spells: 2/5 levels left

rFire   . . .        (no weapon)
rCold   . . .        (no shield)
rNeg    . . .        a - +0 robe
rPois   .            (helmet restricted)
rElec   .            (no cloak)
rCorr   .            (no gloves)
SInv    .            (boots unavailable)
Will    .....        (no amulet)
Stlth   ++           (no ring)
HPRegen 0.22/turn    (no ring)
MPRegen 0.10/turn

%: no passive effects
@: no status effects
A: beak, talons 3
a: no special abilities


You were on level 1 of the Dungeon.
You visited 1 branch of the dungeon, and saw 1 of its levels.

You collected 64 gold pieces.

Inventory:

Armour
 a - a +0 robe (worn)
Jewellery
 c - a ring of poison resistance
Scrolls
 d - a scroll of torment {unknown}
Potions
 b - a potion of magic


   Skills:
 - Level 2.1 Dodging
 - Level 2.0 Stealth
 + Level 2.2 Spellcasting
 + Level 2.1 Conjurations
 + Level 4.3 Air Magic


You had 2 spell levels left.
You knew the following spells:

 Your Spells              Type           Power      Damage    Failure   Level
a - Shock                 Conj/Air       44%        1d5       6%          1
b - Static Discharge      Conj/Air       22%        2-3/arc   9%          2

Your spell library contained the following spells:

 Spells                   Type           Power      Damage    Failure   Level
 Swiftness                Air            14%        N/A       11%         3
 Airstrike                Air            7%         2d(1-17)  36%         4


Dungeon Overview and Level Annotations

Branches:
Dungeon (1/15)

Altars:


Innate Abilities, Weirdness & Mutations

You have a beak for a mouth.
You have claws for feet.


Message History

You can't see any susceptible monsters within range! (Use Z to cast anyway.)
d - a scroll labelled KOT DUURPHOYR You now have 64 gold pieces (gained 14).
A gnoll comes into view. It is wielding a +0 flail.
Found a stone staircase leading down.
The zap hits the gnoll.
The gnoll is lightly wounded.
Casting: Shock (safe; 6% risk of failure)
Confirm with . or Enter, or press ? or * to list all spells.
Aiming: Shock (safe; 6% risk of failure)
Press: ? - help, Shift-Dir - straight line, f/p - gnoll
Aim: a gnoll, wielding a +0 flail (lightly wounded, 72% to hit)
The zap hits the gnoll but does no damage.
The gnoll is lightly wounded.
The zap hits the gnoll.
The gnoll is lightly wounded.
Casting: Shock (safe; 6% risk of failure)
Confirm with . or Enter, or press ? or * to list all spells.
Aiming: Shock (safe; 6% risk of failure)
Press: ? - help, Shift-Dir - straight line, f/p - gnoll
Aim: a gnoll, wielding a +0 flail (lightly wounded, 72% to hit)
The zap hits the gnoll.
The gnoll is moderately wounded.
The zap hits the gnoll.
The gnoll is moderately wounded.
The gnoll hits you with a +0 flail!
Ouch! That really hurt!
* * * LOW HITPOINT WARNING * * *
Unknown command.
Casting: Shock (safe; 6% risk of failure)
Confirm with . or Enter, or press ? or * to list all spells.
Aiming: Shock (safe; 6% risk of failure)
Press: ? - help, Shift-Dir - straight line, f/p - gnoll
Aim: a gnoll, wielding a +0 flail (moderately wounded, 72% to hit)
The zap hits the gnoll.
The gnoll is severely wounded.
The zap hits the gnoll.
The gnoll is almost dead.
The gnoll hits you with a +0 flail.
You die...

...# ..... ...# #...## # ...#
....##>..# .. ...##.....# #.# ...
...##.....# #.#####....
...##.....# #.......... #.#.#.#.
...##.....# ###..#...####.#.#.#.
...##.....######g.#..........#.#.
...###.###......@....##..........
.............######..##..........
..####.......# ..##).....#...
.....###.....# .##......#...
.....# #.....# ........)#...
.....# #........ ......#.......
##...# #......## ......#..###..
##...# #.#.##.# ......#.......
.#...# #.#..#.# #.........##..


You could see a gnoll.

Vanquished Creatures
  A dart slug (D:1)
  A giant cockroach (D:1)
  2 ball pythons (D:1)
  3 frilled lizards (D:1)
  2 goblins (D:1)
  2 rats (D:1)
11 creatures vanquished.

Notes
Turn   | Place    | Note
-------+----------+-------------------------------------------
     0 | D:1      | growler the Tengu Air Elementalist began the quest for the
                  | Orb.
     0 | D:1      | Reached XP level 1. HP: 10/10 MP: 4/4
   315 | D:1      | Reached XP level 2. HP: 15/15 MP: 3/6
   318 | D:1      | Learned a level 2 spell: Static Discharge
   505 | D:1      | Slain by a gnoll

Illustrated notes

Levels and vault maps discovered:
D:1:      tekkud_arrival_beachfront_property, layout_basic

Skill      XL: |  1  2 |
---------------+-------+-----
Conjurations   | 2 |  2.1
Dodging        | |  2.1
Stealth        | |  2.0
Spellcasting   | |  2.2
Air Magic      | |  4.3

Action                     || total
---------------------------++-------
  Melee: Unarmed           ||     3
         Kick              ||     1
         Peck              ||     1
   Cast: Shock             ||    22
  Dodge: Dodged            ||     5
